 Seeded DCSS version 0.30-a0-802-gb92711bcdf (webtiles) character file.

Game seed: 9908990106765037600 (custom seed)

618 valliere the Conjurer (level 7, -2/50 HPs)
             Began as a Demigod Conjurer on Feb 23, 2023.
             Slain by an orc priest
             ... wielding a +0 falchion
              (3 damage)
             ... on level 4 of the Dungeon.
             The game lasted 00:08:52 (4646 turns).

valliere the Conjurer (Demigod Conjurer)            Turns: 4646, Time: 00:08:53

Health: -2/50      AC:  5    Str:  8    XL:     7   Next: 1%
Magic:  0/15       EV: 13    Int: 28    God:
Gold:   229        SH:  0    Dex: 12    Spells: 8/13 levels left

rFire   . . .      SeeInvis .    v - staff of conjuration
rCold   . . .      Faith    .    (no shield)
rNeg    . . .      Spirit   .    a - +0 robe
rPois   .          Reflect  .    c - +0 helmet
rElec   .          Harm     .    e - +0 cloak
rCorr   .          Rampage  .    (no gloves)
Will    .....                    u - +0 pair of boots
Stlth   ++                       (no amulet)
HPRegen 0.28/turn                (no ring)
MPRegen 0.14/turn                (no ring)

@: no status effects
A: high MP 1, forlorn, divine attributes
a: no special abilities


You were on level 4 of the Dungeon.
You visited 1 branch of the dungeon, and saw 4 of its levels.

You collected 229 gold pieces.

Inventory:

Hand Weapons
 f - a +0 whip
 l - a +3 spear
Armour
 a - a +0 robe (worn)
 c - a +0 helmet (worn)
 e - a +0 cloak (worn)
 u - a +0 pair of boots (worn)
Magical Staves
 v - a staff of conjuration (weapon)
Wands
 q - a wand of flame (17)
Scrolls
 d - a scroll of vulnerability {unknown}
 g - 6 scrolls of identify {unknown}
 h - 2 scrolls of fog {unknown}
 j - a scroll of amnesia {unknown}
 k - a scroll of enchant weapon {unknown}
 m - a scroll of teleportation {unknown}
 r - 2 scrolls of noise {unknown}
 s - a scroll of enchant armour {unknown}
 t - a scroll of acquirement
 w - a scroll of fear {unknown}
Potions
 b - a potion of magic
 i - 2 potions of attraction {unknown}
 n - 2 potions of flight {unknown}
 o - a potion of degeneration {unknown}
 p - a potion of haste {unknown}
 x - a potion of cancellation {unknown}


   Skills:
 + Level 3.7 Dodging
 + Level 4.0 Stealth
 + Level 3.5 Spellcasting
 + Level 4.9 Conjurations
 + Level 1.7 Evocations


You had 8 spell levels left.
You knew the following spells:

 Your Spells              Type           Power      Damage    Failure   Level
a - Magic Dart            Conj           100%       1d8       1%          1
b - Iskenderun's Mystic   Conj/Tloc      28%        2d7       28%         4

Your spell library contained the following spells:

 Spells                   Type           Power      Damage    Failure   Level
 Searing Ray              Conj           98%        2d8       1%          2
 Dazzling Flash           Conj/Hex       56%        N/A       9%          3
 Ignite Poison            Fire/Tmut/Pois 4%         N/A       24%         3
 Inner Flame              Hex/Fire       4%         N/A       24%         3
 Kindle Blastsparks       Fire/Tloc/Air  8%         2d10      24%         3
 Fulminant Prism          Conj/Hex       14%        3d8       28%         4
 Cause Fear               Hex            2%         N/A       61%         4
 Freezing Cloud           Conj/Ice/Air   10%        6-21      73%         5
 Discord                  Hex            2%         N/A       100%        8


Dungeon Overview and Level Annotations

Branches:
Dungeon (4/15)
 Temple: D:4-7


Innate Abilities, Weirdness & Mutations

You have an increased reservoir of magic. (+10% MP)
You shall have no god before yourself.
Your divine heritage dramatically boosts your attributes as you level up.


Message History

The orc priest is knocked back by the mystic blast.
The orc priest slams into the rock wall!
The mystic blast hits the orc priest!
You kill the orc priest!
You have reached level 7!
Items here: ( )) †.
You hit the orc priest.
The orc priest is severely wounded.
The orc priest hits you with a +0 falchion.
* * * LOW HITPOINT WARNING * * *
Something hits you but does no damage.
You hit the orc priest but do no damage.
The orc priest is severely wounded.
The orc priest closely misses you. Something barely misses you.
The orc priest calls down the wrath of Beogh upon you.
Pain shoots through your body!
* * * LOW HITPOINT WARNING * * *
Something hits you but does no damage.
Casting: Iskenderun's Mystic Blast (quite dangerous; 28% risk of failure)
Confirm with . or Enter, or press ? or * to list all spells.
Aiming: Magic Dart (safe; 1% risk of failure)
Press: ? - help, Shift-Dir - straight line, f - orc priest
Aim: an orc priest, wielding a +0 falchion and wearing a +0 ring mail (severely wounded, 100% to hit)
You feel a surge of power!
The magic dart hits the orc priest but does no damage.
The orc priest is severely wounded.
Something hits you.
* * * LOW HITPOINT WARNING * * *
The orc priest closely misses you.
You barely miss the orc priest.
The orc priest is severely wounded.
You hear some strange, mumbled words.
Something tries to affect you, but you resist.
The orc priest hits you with a +0 falchion.
* * * LOW HITPOINT WARNING * * *
Okay, then.
You hit the orc priest.
The orc priest is severely wounded.
The orc priest hits you with a +0 falchion.
You die...

.........##
...................
...................
##..................
...................
##.##...............
#.)#................
#..##..o)...............
#......@.........>......
#.....#.{.........##..#..
..............##..#...##†
..####....#..##..........
# .#....#.##...........
.................###.†
#.......#........####.
###.....#..........###
#..................##


You could see an orc priest.

Vanquished Creatures
  A phantom (D:3)
  2 scorpions (D:4)
  A jelly (D:4)
  3 hounds (D:4)
  2 orc priests (D:4)
  Jessica (D:3)
  Terence (D:2)
  7 adders
  3 gnolls (D:4)
  A worm (D:2)
  2 dart slugs
  10 orcs
  5 ball pythons
  9 bats
  11 endoplasms
  4 giant cockroaches
  10 goblins
  10 hobgoblins
  4 jackals
  7 kobolds
  A quokka (D:1)
  5 frilled lizards
  2 rats
102 creatures vanquished.

Vanquished Creatures (others)
  A plant (D:3)
1 creature vanquished.

Grand Total: 103 creatures vanquished

Notes
Turn   | Place    | Note
-------+----------+-------------------------------------------
     0 | D:1      | valliere the Demigod Conjurer began the quest for the Orb.
     0 | D:1      | Reached XP level 1. HP: 14/14 MP: 5/5
   329 | D:1      | Reached XP level 2. HP: 20/20 MP: 5/7
  1034 | D:1      | Reached XP level 3. HP: 26/26 MP: 5/8
  2285 | D:2      | Noticed Terence
  2296 | D:2      | Killed Terence
  2297 | D:2      | Reached XP level 4. HP: 21/33 MP: 0/10
  2742 | D:3      | Identified 2 scrolls of acquirement
  2742 | D:3      | Acquired a Trismegistus Codex
  3321 | D:3      | Noticed Jessica
  3326 | D:3      | Killed Jessica
  3379 | D:3      | Reached XP level 5. HP: 36/38 MP: 8/12
  3960 | D:4      | Reached XP level 6. HP: 16/45 MP: 8/13
  3965 | D:4      | Learned a level 4 spell: Iskenderun's Mystic Blast
  4064 | D:4      | Reached skill level 1 in Evocations
  4641 | D:4      | Reached XP level 7. HP: 11/50 MP: 0/15
  4645 | D:4      | HP: 1/50 [orc priest/+0 falchion (3)]
  4646 | D:4      | Slain by an orc priest

Illustrated notes

Levels and vault maps discovered:
D:1:      giann_bridges, layout_loops_corners, serial_glass, glass_columns_a,
          glass_columns_b, minmay_pentomino_w4
D:2:      layout_rooms, serial_co_window_serial, co_window_of_opportunity_a,
          co_window_paths_a, co_window_of_opportunity_a, co_window_cross_1,
          co_window_paths_a, co_window_broadway_a, co_window_paths_c,
          co_window_broadway_a, co_window_4corner_b, glass_columns_a,
          hellmonk_ecumenical_altar_blasted, uniq_terence
D:3:      layout_basic, mainiacjoe_overflow_surrounded_room, serial_forest,
          infiniplex_forest_zigzag_2, infiniplex_forest_end_1,
          infiniplex_forest_corner_2, infiniplex_forest_end_2,
          infiniplex_forest_lined_1, infiniplex_forest_clump_curved,
          infiniplex_forest_lined_room_3, infiniplex_forest_clump_curved,
          infiniplex_forest_fountain, guppyfry_early_orc_mine, uniq_jessica
D:4:      layout_cave_pools

Skill      XL: |  1  2  3  4  5  6 |
---------------+-------------------+-----
Stealth        | 2 3 4 |  4.0
Dodging        | 2 3 |  3.7
Spellcasting   | 2 3 |  3.5
Conjurations   | 4 |  4.9
Evocations     | 1 |  1.7

Action                     |  1- 3 |  4- 6 |  7- 9 || total
---------------------------+-------+-------+-------++-------
  Melee: Whip              |    17 |       |       ||    17
         Unarmed           |     3 |       |       ||     3
         Spear             |     4 |    26 |       ||    30
         Staff             |       |    18 |     4 ||    22
   Cast: Magic Dart        |    91 |   131 |     1 ||   223
         Iskenderun's Myst |       |     2 |       ||     2
    Use: Scroll            |       |     1 |       ||     1
   Stab: Sleeping          |     2 |       |       ||     2
 Armour: Robe              |    11 |    18 |     2 ||    31
  Dodge: Dodged            |    25 |    38 |     3 ||    66

Table legend: (Time is in decaauts)
 A = Elapsed time spent in this place.
 B = Non-inter-level travel time spent in this place.
 C = Inter-level travel time spent in this place.
 D = Time resting spent in this place.
 E = Time spent auto-exploring this place.
 F = Levels seen in this place.
 G = Mean time per level.
                   A        B        C        D        E       F      G
               +--------+--------+--------+--------+--------+-----+--------+
         Total |   4659 |   4561 |     98 |     85 |   3931 |   4 | 1164.8 |
       Dungeon |   4659 |   4561 |     98 |     85 |   3931 |   4 | 1164.8 |
               +--------+--------+--------+--------+--------+-----+--------+

Top non-repeatable levels by time:
     D:3: 1442 daAuts
     D:1: 1321 daAuts
     D:2: 1177 daAuts
     D:4: 717 daAuts
